 Dungeon Crawl Stone Soup version 0.19.0 (webtiles) character file.

137 Danakh the Skirmisher (level 5, -2/43 HPs)
             Began as a Demonspawn Fighter on Nov 13, 2016.
             Killed by divine providence
             ... invoked by an orc priest
              (16 damage)
             ... on level 3 of the Dungeon.
             The game lasted 00:05:48 (2199 turns).

Danakh the Skirmisher (Demonspawn Fighter)          Turns: 2199, Time: 00:05:48

Health: -2/43      AC: 11    Str: 18    XL:     5   Next: 0%
Magic:  5/5        EV:  4    Int:  9    God:
Gold:   109        SH:  9    Dex: 12    Spells: 0 memorised, 4 levels left

rFire  + . .     SeeInvis .     a - +0 war axe
rCold  + . .     Gourm    .     n - +0 chain mail
rNeg   . . .     Faith    .     c - +0 shield
rPois  .         Spirit   .     (no helmet)
rElec  .         Reflect  .     (no cloak)
rCorr  .         Harm     .     (no gloves)
MR     .....                    k - +0 pair of boots
Stlth  ..........               (no amulet)
                                (no ring)
                                e - ring of protection from fire

@: no status effects
A: hooves 1, rugged brown scales 1, cold resistance 1
a: no special abilities


You were on level 3 of the Dungeon.
You were not hungry.

You visited 1 branch of the dungeon, and saw 3 of its levels.

You collected 109 gold pieces.

Inventory:

Hand Weapons
 a - a +0 war axe (weapon)
 m - a +1 whip of electrocution
Armour
 b - a +0 scale mail
 c - a +0 shield (worn)
 k - a +0 pair of boots (worn)
 n - a +0 chain mail (worn)
Jewellery
 e - a ring of protection from fire (left hand)
Scrolls
 i - 8 scrolls of identify {unknown}
 q - a scroll of fog {unknown}
 r - 2 scrolls of teleportation {unknown}
 s - a scroll of magic mapping {unknown}
 t - a scroll of remove curse {unknown}
 u - a scroll of recharging {unknown}
Potions
 d - a potion of might
 j - 4 potions of cancellation {unknown}
 p - 2 potions of resistance {unknown}
Comestibles
 f - 2 bread rations
 g - 4 chunks of flesh
 h - 2 meat rations
 l - a slice of pizza
 o - 3 fruits


   Skills:
 + Level 3.7 Fighting
 * Level 3.3 Axes
 + Level 3.1 Armour
 + Level 3.3 Shields


You had 4 spell levels left.
You didn't know any spells.

Dungeon Overview and Level Annotations

Branches:
Dungeon (3/15)

Altars:
Fedhas
Ru
Sif Muna


Innate Abilities, Weirdness & Mutations

You have large cloven feet.
You are partially covered in rugged brown scales. (AC +1, +3% HP)
Your flesh is cold resistant. (rC+)


Message History

You closely miss the orc. The orc hits you but does no damage.
You block the orc's attack.
You closely miss the orc.
The orc priest invokes the aid of Beogh against you.
Beogh smites you! The orc hits you but does no damage.
The orc priest casts a cantrip, but nothing happens.
You barely miss the orc. You block the orc's attack.
The orc hits you but does no damage.
You slash the orc!
You kill the orc!
You have reached level 5!
You hit the orc priest.
The orc priest is moderately wounded.
The orc priest hits you but does no damage.
You block the orc priest's attack.
You closely miss the orc priest.
The orc priest is moderately wounded.
The orc priest invokes the aid of Beogh against you.
Beogh smites you!
You die...

#####
.#.#.#######...#####
......o@..).(......#####
.#.###############......
##>## #......
#8...8##......
#.....##......
#8.....8###.###
##(....## #.# #8...8#
#.# ##.....## #.#


You could see an orc priest.

Vanquished Creatures
  5 adders
  An ooze (D:1)
  A worm (D:2)
  4 dart slugs (D:2)
  A leopard gecko (D:1)
  4 orcs (D:3)
  2 giant cockroaches
  9 goblins
  8 hobgoblins
  A jackal (D:1)
  2 quokkas (D:2)
  A ball python (D:3)
  12 bats
  4 frilled lizards
  11 kobolds
  6 rats
72 creatures vanquished.

Notes
Turn   | Place    | Note
-------+----------+-------------------------------------------
     0 | D:1      | Danakh the Demonspawn Fighter began the quest for the Orb.
     0 | D:1      | Reached XP level 1. HP: 18/18 MP: 1/1
   181 | D:1      | Gained mutation: Your flesh is cold resistant. (rC+) [demonic ancestry]
   181 | D:1      | Reached XP level 2. HP: 7/24 MP: 2/2
   989 | D:2      | Gained mutation: You are partially covered in rugged brown scales. (AC +1, +3% HP) [demonic ancestry]
   989 | D:2      | Reached XP level 3. HP: 20/29 MP: 3/3
  1352 | D:2      | Gained mutation: You have large cloven feet. [demonic ancestry]
  1352 | D:2      | Reached XP level 4. HP: 37/37 MP: 4/4
  2023 | D:3      | Found a deep blue altar of Sif Muna.
  2023 | D:3      | Found a sacrificial altar of Ru.
  2023 | D:3      | Found a blossoming altar of Fedhas.
  2197 | D:3      | Reached XP level 5. HP: 13/43 MP: 5/5
  2199 | D:3      | Killed from afar by an orc priest

Skill      XL: |  1  2  3  4 |
---------------+-------------+-----
Axes           | 2 3 |  3.3
Shields        | 3 |  3.3
Armour         | 3 |  3.1
Fighting       | |  3.7

Action                   |  1- 3 |  4- 6 || total
-------------------------+-------+-------++-------
Melee: War axe           |   115 |   151 ||   266
  Eat: Chunk             |     2 |     3 ||     5
Armor: Scale mail        |    41 |       ||    41
       Chain mail        |    27 |   107 ||   134
Dodge: Dodged            |    27 |    21 ||    48
Block: Shield            |    55 |    95 ||   150
